 Dungeon Crawl Stone Soup version 0.30-a0-358-g0d69a1922f (webtiles) character file.

Game seed: 14353234361222344310

24732 mopl the Summoner (level 13, -13/98 HPs)
             Began as a Merfolk Summoner on Nov 7, 2022.
             Was a Priest of Sif Muna.
             Mangled by a minotaur
             ... wielding a staff of conjuration
              (23 damage)
             ... in a Gauntlet on Nov 8, 2022.
             The game lasted 00:55:25 (14285 turns).

mopl the Summoner (Merfolk Summoner)               Turns: 14285, Time: 00:55:25

Health: -13/98     AC:  8    Str:  8    XL:     13   Next: 15%
Magic:  26/35      EV: 15    Int: 19    God:    Sif Muna [***...]
Gold:   392        SH: 10    Dex: 15    Spells: 10/30 levels left

rFire   . . .      SeeInvis .    a - +3 spear (vamp)
rCold   . . .      Faith    .    J - +0 kite shield
rNeg    + + .      Spirit   .    H - +0 steam dragon scales
rPois   .          Reflect  .    O - +0 helmet of the Nexus {rElec rN+ MP+9 Stlth+}
rElec   +          Harm     .    (no cloak)
rCorr   .          Rampage  .    g - +0 pair of gloves
Will    .....      NoTele   +    i - +0 pair of boots
Stlth   +++.......               C - amulet of magic regeneration
HPRegen 0.36/turn                n - +4 ring of evasion
MPRegen 0.64/turn                f - ring of positive energy

@: very slightly contaminated
A: (nimble swimmer 2), mertail
a: Renounce Religion, Channel Magic, Forget Spell


You were in a Gauntlet.
You worshipped Sif Muna.
Sif Muna was most pleased with you.
You visited 2 branches of the dungeon, and saw 13 of its levels.
You also visited: Ossuary and Gauntlet.

You collected 1056 gold pieces.
You spent 664 gold pieces at shops.

Inventory:

Hand Weapons
 a - a +3 vampiric spear (weapon)
 T - the +4 mace of Kickis {flame, +Blink rCorr Int+7 Dex-2}
   (You found it on level 9 of the Dungeon)

   It burns those it strikes, dealing additional fire damage.
   Int:       It affects your intelligence (+7).
   Dex:       It affects your dexterity (-2).
   +Blink:    It lets you blink.
   rCorr:     It protects you from acid and corrosion.
 U - a +1 scimitar of flaming
Missiles
 j - 4 javelins
 q - 16 poisoned darts
 M - a throwing net
 S - a curare-tipped dart
Armour
 g - a +0 pair of gloves (worn)
 i - a +0 pair of boots (worn)
 z - a +1 leather armour of fire resistance
 H - +0 steam dragon scales (worn)
 J - a +0 kite shield (worn)
 O - the +0 helmet of the Nexus (worn) {rElec rN+ MP+9 Stlth+}
   (You found it in a Gauntlet)

   rElec:     It insulates you from electricity.
   rN:        It protects you from negative energy.
   MP:        It affects your magic capacity (+9).
   Stlth:     It makes you more stealthy.
 V - +0 acid dragon scales
Jewellery
 f - a ring of positive energy (right hand)
 n - a +4 ring of evasion (left hand)
 p - a ring of fire
 C - an amulet of magic regeneration (around neck)
 K - a ring of flight
Wands
 y - a wand of flame (39)
 F - a wand of paralysis (12)
 G - a wand of light (4)
 N - a wand of mindburst (14)
Scrolls
 c - 3 scrolls of teleportation
 d - 2 scrolls of torment {!r}
 k - 4 scrolls of poison
 l - 4 scrolls of blinking
 m - a scroll of fog
 x - a scroll of magic mapping
 A - 2 scrolls of fear {unknown}
 I - 2 scrolls of brand weapon {unknown}
 L - 2 scrolls of vulnerability
 Q - 2 scrolls of enchant weapon
Potions
 b - a potion of magic
 e - 5 potions of might
 h - 3 potions of resistance
 o - 2 potions of ambrosia
 r - 2 potions of invisibility
 s - 2 potions of berserk rage {!q}
 t - 2 potions of haste
 u - 6 potions of brilliance
 w - 4 potions of curing
 D - a potion of lignification {!q}
 P - 5 potions of flight
Miscellaneous
 v - a box of beasts (inert)


   Skills:
 + Level 8.1 Fighting
 + Level 10.1 Polearms
 - Level 2.6 Dodging
 - Level 2.1 Stealth
 + Level 6.0 Shields
 * Level 9.4 Spellcasting
 - Level 2.0 Hexes
 * Level 11.8 Summonings
 - Level 3.0 Air Magic
 + Level 9.6 Invocations
 + Level 3.5 Evocations


You had 10 spell levels left.
You knew the following spells:

 Your Spells              Type           Power      Damage    Failure   Level
a - Summon Small Mammal   Summ           100%       N/A       1%          1
b - Call Imp              Summ           52%        N/A       1%          2
c - Call Canine Familiar  Summ           52%        N/A       1%          3
f - Summon Lightning Spi  Summ/Air       37%        N/A       10%         4
g - Summon Guardian Gole  Hex/Summ       35%        N/A       3%          3
h - Summon Hydra          Summ           26%        N/A       80%         7

Your spell library contained the following spells:

 Spells                   Type           Power      Damage    Failure   Level
 Necrotise                Necr           36%        1d5       22%         1
 Sting                    Tmut/Pois      36%        1d4       22%         1
 Momentum Strike          Conj/Tloc      18%        3d8       32%         2
 Sublimation of Blood     Necr           9%         N/A       32%         2
 Wereblood                Tmut           9%         N/A       32%         2
 Mephitic Cloud           Conj/Pois/Air  12%        N/A       38%         3
 Gell's Gravitas          Tloc           9%         N/A       54%         3
 Lesser Beckoning         Tloc           18%        N/A       54%         3
 Teleport Other           Tloc           9%         N/A       54%         3
 Iskenderun's Mystic Bla  Conj/Tloc      9%         2d4       91%         4
 Sticky Flame             Conj/Fire      9%         2d3       91%         4
 Eringya's Noxious Bog    Tmut/Pois      4%         N/A       100%        6
 Orb of Destruction       Conj           4%         9d5       100%        7
 Chain Lightning          Conj/Air       7%         3d9       100%        9
 Fire Storm               Conj/Fire      4%         8d1       100%        9
 Shatter                  Erth           4%         3d8*      100%        9


Dungeon Overview and Level Annotations

Branches:
Dungeon (10/15)            Temple (0/1) D:4            Lair (3/5) D:8
 Spider (0/4) Lair:2          Orc (0/2) D:9         Ossuary (visited)
Gauntlet (1/1)
  Swamp: Lair:2-3    Shoals: Lair:2-3

Altars:
Elyvilon
Hepliaklqana
Okawaru
Sif Muna
Uskayaw
Wu Jian
Yredelemnul

Shops:
D:7 !   D:10 *

Annotations:
D:4 yaks
Lair:3 1 runed translucent door, exclusion: oklob plant, Wirisus's ghost, journeyman GnHu Gauntlet 7 transporters, exclusion: obsidian statue


Innate Abilities, Weirdness & Mutations

((You are very nimble when in or above water. (Stealth+, EV+, Speed+++)))
Your lower body shifts to a powerful aquatic tail in water.


Message History

An electric hum fills the air.
The minotaur unwields the +2 sling of Qoschero {antimagic, Will+}.
The minotaur wields a staff of conjuration.
The minotaur hits you with a staff of conjuration!!
* * * LOW HITPOINT WARNING * * *
The minotaur blasts you.
* * * LOW HITPOINT WARNING * * *
The minotaur gores you.
* * * LOW HITPOINT WARNING * * *
Unknown command.
Okay, then.
Aiming: Paralyse
Press: ? - help, Shift-Dir - straight line, f/p - minotaur
Aim: a minotaur, wielding a staff of conjuration, wearing the +1 chain mail "Linajuf" {rElec}, wearing an orb of energy and quivering javelins (severely wounded, ally target, chance to affect: 4%)
Okay, then.
Unknown command.
Aiming: Bolt of Light
Press: ? - help, Shift-Dir - straight line, f/p - minotaur
Aim: a minotaur, wielding a staff of conjuration, wearing the +1 chain mail "Linajuf" {rElec}, wearing an orb of energy and quivering javelins (severely wounded, ally target, 84% to hit)
The bolt of light hits the minotaur!
The minotaur is almost dead.
The minotaur is blinded.
The minotaur completely misses you. The minotaur misses you.
Aiming: Bolt of Light
Press: ? - help, Shift-Dir - straight line, f/p - minotaur
Aim: a minotaur, wielding a staff of conjuration, wearing the +1 chain mail "Linajuf" {rElec}, wearing an orb of energy and quivering javelins (almost dead, blind, ally target, 84% to hit)
The bolt of light hits the minotaur!
The minotaur is almost dead.
The minotaur hits you with a staff of conjuration!
* * * LOW HITPOINT WARNING * * *
The minotaur blasts you.
* * * LOW HITPOINT WARNING * * *
You block the minotaur's attack.
Unknown command.
The minotaur is no longer blind.
Aiming: Bolt of Light
Press: ? - help, Shift-Dir - straight line, p - minotaur The bolt of light misses the minotaur.
The minotaur hits you with a staff of conjuration!!
You die...

≈∩≈ .H. ##.### ....
#######'####### #§.§.....☼....#
#.###.###.###.# #.###.###.###.
#....H@....... ###8###.###.##
#####.###.###. #.............
#.♣.♣.©.©.©.©.♣. #...............
## ### ################# ### ###
≈###≈###≈###...........###≈###≈##
≈≈#≈≈≈#≈≈≈#..♣.......♣..#≈≈≈#≈≈≈#


You could see a minotaur (ally target) and a friendly lightning spire
(summoned).

Vanquished Creatures
  Gastronok (Lair:2)
  2 black mambas (Lair:1)
  A cane toad (Lair:3)
  A meliai (Gauntlet)
  A wyvern (D:9)
  6 yaks
  A basilisk (D:8)
  A water moccasin (Lair:3)
  A nameless horror (D:8)
  An ice beast (D:8)
  2 wolves
  A centaur (D:9)
  A phantom (D:6)
  A kobold brigand (D:8)
  4 bullfrogs
  2 scorpions
  A troll zombie (D:9)
  2 howler monkeys (D:10)
  2 gnoll boudas
  2 hounds
  An iguana (D:5)
  Ijyb (D:4)
  An orc wizard (D:8)
  An ogre zombie (D:9)
  A mummy (Ossuary)
  An adder (D:2)
  9 gnolls
  A shadow imp (D:5)
  An ufetubus (D:4)
  2 worms
  A dart slug (D:1)
  6 orcs
  3 endoplasms
  2 giant cockroaches (D:2)
  5 goblins
  3 hobgoblins
  A jackal (D:2)
  12 kobolds
  3 quokkas
  7 ball pythons
  2 bats
  3 frilled lizards
  A goblin zombie (D:9)
  An orc skeleton (D:9)
  5 orc zombies
  3 rats
  A spectral goblin (D:3)
112 creatures vanquished.

Vanquished Creatures (collateral kills)
  A hydra (Lair:2)
  2 two-headed ogres
  A death scarab (Gauntlet)
  An oklob plant (Lair:2)
  An ugly thing (D:8)
  5 cane toads
  Maggie (D:10)
  A rime drake (Lair:2)
  2 komodo dragons
  A meliai (Gauntlet)
  3 blink frogs (Lair:1)
  2 shadows (D:9)
  30 yaks
  3 wyverns
  Grum (D:8)
  3 steam dragons
  A basilisk (D:8)
  A spectral cane toad (Gauntlet)
  An acid dragon (D:10)
  8 water moccasins
  2 nameless horrors
  2 ice beasts
  2 black bears
  An ogre (D:4)
  3 wolves
  3 centaurs
  A phantom (D:9)
  A kobold brigand (D:9)
  An elf zombie (Ossuary)
  4 bullfrogs
  2 necrophages
  4 gnoll sergeants
  3 wights (D:10)
  2 troll zombies (D:9)
  A lava snake (D:7)
  A jelly (D:6)
  2 hounds
  A gnoll bouda (D:8)
  3 iguanas
  4 orc wizards
  Terence (D:3)
  4 ogre zombies (D:9)
  A mummy (Ossuary)
  24 gnolls
  2 adders (D:4)
  3 shadow imps
  A white imp (D:7)
  A dart slug (D:2)
  7 orcs
  3 ball pythons
  A bat (D:1)
  2 endoplasms
  2 giant cockroaches
  2 gnoll zombies (Ossuary)
  A hobgoblin (D:2)
  A jackal (D:2)
  2 quokkas
  A frilled lizard (D:1)
  A goblin skeleton (D:9)
  5 goblin zombies
  2 hobgoblin skeletons (D:9)
  6 hobgoblin zombies
  5 kobolds
  3 orc skeletons (D:9)
  12 orc zombies
205 creatures vanquished.

Vanquished Creatures (others)
  A cane toad (Lair:1)
  2 komodo dragons
  A meliai (Gauntlet)
  4 hornets
  A blink frog (Lair:1)
  A basilisk (D:8)
  9 yaks
  Duvessa (D:6)
  An orc warrior (D:7)
  A black bear (D:6)
  A wolf (D:8)
  A bullfrog (Lair:1)
  Dowan (D:6)
  4 bushes (D:8)
  A demonic plant (Gauntlet)
  A fire vortex (Lair:2)
  10 fungi
  21 plants
  4 withered plants (Gauntlet)
66 creatures vanquished.

Grand Total: 383 creatures vanquished

Notes
Turn   | Place    | Note
-------+----------+-------------------------------------------
     0 | D:1      | mopl the Merfolk Summoner began the quest for the Orb.
     0 | D:1      | Reached XP level 1. HP: 13/13 MP: 3/3
   340 | D:1      | Reached XP level 2. HP: 19/19 MP: 3/5
   343 | D:1      | Learned a level 2 spell: Call Imp
   984 | D:2      | Reached XP level 3. HP: 22/24 MP: 5/7
  1305 | D:2      | Learned a level 3 spell: Call Canine Familiar
  1547 | D:2      | Reached skill level 1 in Polearms
  1998 | D:3      | Reached XP level 4. HP: 30/30 MP: 8/8
  2099 | D:3      | Noticed Terence
  2107 | D:3      | Killed Terence
  2108 | D:3      | Reached skill level 2 in Polearms
  2108 | D:3      | Reached skill level 3 in Spellcasting
  2159 | D:3      | Found a shimmering blue altar of Sif Muna.
  2162 | D:3      | Became a worshipper of Sif Muna the Loreminder
  2227 | D:3      | Found a hazy altar of Hepliaklqana.
  2596 | D:4      | Noticed an ogre
  2608 | D:4      | Killed an ogre
  2609 | D:4      | Reached skill level 1 in Fighting
  2609 | D:4      | Reached skill level 5 in Summonings
  2609 | D:4      | Reached skill level 1 in Invocations
  2609 | D:4      | Reached XP level 5. HP: 37/37 MP: 4/10
  2667 | D:4      | Noticed Ijyb
  2685 | D:4      | Killed Ijyb
  2686 | D:4      | Reached skill level 2 in Invocations
  2686 | D:4      | Reached XP level 6. HP: 36/43 MP: 4/11
  2704 | D:4      | Noticed a yak
  2704 | D:4      | Noticed a yak
  2704 | D:4      | Noticed a yak
  2704 | D:4      | Noticed a yak
  2704 | D:4      | Noticed a yak
  2762 | D:5      | Entered Level 5 of the Dungeon
  2965 | D:4      | Found a staircase to the Ecumenical Temple.
  3246 | D:5      | Reached skill level 3 in Polearms
  3353 | D:5      | Learned a level 3 spell: Summon Guardian Golem
  3724 | D:5      | Reached skill level 2 in Fighting
  3724 | D:5      | Reached skill level 3 in Invocations
  3724 | D:5      | Reached XP level 7. HP: 50/50 MP: 5/12
  3929 | D:6      | Reached skill level 1 in Hexes
  3929 | D:6      | Reached skill level 6 in Summonings
  3963 | D:6      | Reached skill level 4 in Spellcasting
  4104 | D:6      | Reached * piety under Sif Muna
  4105 | D:6      | Reached skill level 4 in Polearms
  4119 | D:6      | Reached skill level 4 in Invocations
  4119 | D:6      | Reached XP level 8. HP: 38/57 MP: 10/14
  4129 | D:6      | Learned a level 4 spell: Summon Lightning Spire
  4313 | D:6      | Reached skill level 2 in Hexes
  4490 | D:6      | Reached skill level 3 in Fighting
  4612 | D:6      | Reached skill level 1 in Air Magic
  4707 | D:6      | Noticed Duvessa
  4709 | D:6      | Noticed Dowan
  4743 | D:6      | Killed Dowan
  4744 | D:6      | Reached skill level 5 in Invocations
  4745 | D:6      | Killed Duvessa
  4746 | D:6      | Reached skill level 7 in Summonings
  5072 | D:7      | Found Oneabuzo's Distillery.
  5079 | D:7      | Bought a potion of curing for 42 gold pieces
  5079 | D:7      | Bought a potion of attraction for 42 gold pieces
  5079 | D:7      | Bought a potion of might for 56 gold pieces
  5079 | D:7      | Bought a potion of invisibility for 112 gold pieces
  5079 | D:7      | Bought a potion of mutation for 112 gold pieces
  5165 | D:7      | Reached skill level 5 in Polearms
  5175 | D:7      | Reached XP level 9. HP: 63/64 MP: 15/15
  5235 | D:7      | Found a sand-covered staircase.
  5257 | Ossuary  | Entered an ossuary
  5357 | Ossuary  | Reached ** piety under Sif Muna
  5499 | D:7      | Bought a potion of ambrosia for 112 gold pieces
  5499 | D:7      | Bought a potion of haste for 140 gold pieces
  5528 | D:7      | Reached skill level 2 in Air Magic
  5557 | D:7      | Reached skill level 4 in Fighting
  5576 | D:7      | Reached skill level 6 in Invocations
  5954 | D:7      | Reached skill level 5 in Spellcasting
  6394 | D:8      | Noticed Grum
  6497 | D:8      | Reached skill level 8 in Summonings
  6601 | D:8      | Reached skill level 6 in Polearms
  6601 | D:8      | Reached skill level 1 in Shields
  6767 | D:8      | Reached skill level 7 in Invocations
  6767 | D:8      | Reached XP level 10. HP: 73/73 MP: 15/17
  6829 | D:8      | Reached skill level 3 in Air Magic
  6967 | D:8      | Reached skill level 2 in Shields
  6979 | D:8      | Reached skill level 5 in Fighting
  6981 | D:8      | Reached *** piety under Sif Muna
  6995 | D:8      | Found a staircase to the Lair.
  7403 | D:8      | Reached skill level 6 in Spellcasting
  7429 | D:8      | Reached skill level 7 in Polearms
  7901 | D:8      | Reached skill level 9 in Summonings
  7915 | D:8      | Noticed a brown ugly thing
  7945 | D:8      | Killed a brown ugly thing
  8102 | D:8      | Reached skill level 3 in Shields
  8262 | D:8      | Killed Grum
  8262 | D:8      | Noticed a two-headed ogre
  8272 | D:8      | Killed a two-headed ogre
  8273 | D:8      | Reached XP level 11. HP: 54/81 MP: 17/21
  8305 | D:8      | Learned a level 7 spell: Summon Hydra
  8353 | D:8      | Found a basalt altar of Yredelemnul.
  8353 | D:8      | Found a white marble altar of Elyvilon.
  8353 | D:8      | Found a hide-covered altar of Uskayaw.
  8502 | D:9      | Found a staircase to the Orcish Mines.
  8561 | D:9      | Reached **** piety under Sif Muna
  8562 | D:9      | Reached skill level 6 in Fighting
  8599 | D:9      | Upgraded the game from 0.30-a0-354-g6b83867211 to
                  | 0.30-a0-358-g0d69a1922f
  8631 | D:9      | Reached skill level 7 in Spellcasting
  8809 | D:9      | Reached skill level 8 in Invocations
  8856 | D:9      | Reached skill level 8 in Polearms
  8883 | D:9      | Got Qearch's Almanac of Shapeshifting and Maleficent
                  | Secrets
  9022 | D:9      | Reached ***** piety under Sif Muna
  9032 | D:9      | Reached skill level 4 in Shields
  9144 | D:9      | Reached skill level 10 in Summonings
  9317 | D:9      | Identified the +4 mace of Kickis {flame, +Blink rCorr Int+7
                  | Dex-2}
  9362 | D:10     | Entered Level 10 of the Dungeon
  9408 | D:10     | Noticed Maggie
  9429 | D:10     | Killed Maggie
  9514 | D:10     | Noticed a two-headed ogre
  9526 | D:10     | Killed a two-headed ogre
  9577 | D:10     | Found an ornate altar of the Wu Jian Council.
  9589 | D:10     | Received a gift from Sif Muna
  9590 | D:10     | Got Sif Muna's Grimoire of Blasts {god gift}
  9639 | D:10     | Found an iron altar of Okawaru.
  9787 | D:10     | Found Puir's Practical Paraphernalia.
  9817 | D:10     | Bought a scroll of poison for 48 gold pieces
 10296 | Lair:1   | Entered Level 1 of the Lair of Beasts
 10353 | Lair:1   | Reached skill level 8 in Spellcasting
 10636 | Lair:1   | Reached XP level 12. HP: 50/89 MP: 6/24
 10770 | Lair:1   | Reached skill level 7 in Fighting
 10770 | Lair:1   | Reached skill level 1 in Evocations
 10851 | Lair:1   | Reached skill level 9 in Polearms
 11130 | Lair:1   | You fall into a shaft and drop 1 floor!
 11299 | Lair:2   | Noticed Gastronok
 11303 | Lair:2   | Reached skill level 5 in Shields
 11332 | Lair:2   | Killed Gastronok
 11333 | Lair:2   | Reached skill level 11 in Summonings
 11333 | Lair:2   | Reached skill level 9 in Invocations
 11333 | Lair:2   | Reached skill level 2 in Evocations
 11453 | Lair:2   | Noticed an eight-headed hydra
 11466 | Lair:2   | Killed a seven-headed hydra
 11706 | Lair:2   | Found a hole to the Spider Nest.
 12310 | Lair:1   | Reached skill level 9 in Spellcasting
 13277 | Lair:3   | Reached skill level 3 in Evocations
 13320 | Lair:3   | Found a runed translucent door.
 13345 | Lair:3   | Noticed Wirisus's ghost (journeyman GnHu)
 13390 | Lair:3   | HP: 4/92 [themself (22)]
 13412 | Lair:3   | Reached XP level 13. HP: 31/98 MP: 20/26
 13579 | Lair:3   | Found a gate leading to a gauntlet.
 13596 | Gauntlet | Entered a Gauntlet
 13596 | Gauntlet | Found a transporter.
 13603 | Gauntlet | Found a transporter.
 13606 | Gauntlet | Found a transporter.
 13623 | Gauntlet | Found a transporter.
 13624 | Gauntlet | Found a transporter.
 13636 | Gauntlet | Found a transporter.
 13653 | Gauntlet | Found a transporter.
 13663 | Gauntlet | Found a transporter.
 13673 | Gauntlet | Found a transporter.
 13688 | Gauntlet | Found a transporter.
 13698 | Gauntlet | Found a transporter.
 13703 | Gauntlet | Found a transporter.
 13742 | Gauntlet | Reached skill level 8 in Fighting
 13771 | Gauntlet | Reached skill level 10 in Polearms
 13884 | Gauntlet | Found a transporter.
 14009 | Gauntlet | Reached skill level 6 in Shields
 14019 | Gauntlet | Identified the +0 helmet of the Nexus {rElec rN+ MP+9
                  | Stlth+}
 14231 | Gauntlet | Identified the +2 sling of Qoschero {antimagic, Will+}
 14231 | Gauntlet | Identified the +1 chain mail "Linajuf" {rElec}
 14231 | Gauntlet | Noticed a minotaur
 14285 | Gauntlet | Mangled by a minotaur

Illustrated notes

Levels and vault maps discovered:
D:1:      matt_arrival_spirals, layout_loops_ring
D:2:      layout_basic, serial_forest, infiniplex_forest_lined_3,
          infiniplex_forest_lined_1, infiniplex_forest_lined_1,
          infiniplex_forest_clump_small, minmay_unequal
D:3:      layout_basic, lemuel_blue_sif_altar,
          nicolae_hepliaklqana_monster_ancestors, nicolae_figureground_sparkle,
          uniq_terence
D:4:      nicolae_cairo_tiling_very_big, layout_loops_cross,
          lemuel_mausoleum_altar_kikubaaqudgha, minmay_temple_entry_grid,
          minivault_24, minmay_snake_closets, uniq_ijyb
D:5:      layout_loops_corners
D:6:      layout_loops_ring, uniq_duvessa
D:7:      layout_rooms, serial_shops, shop, nicolae_ossuary_entry_ruins,
          minmay_misc_feat_tower, kennysheep_opposing_triangles
D:8:      layout_rooms, gammafunk_temple_overflow_claw, minmay_lair_entry_grove,
          uniq_grum
D:9:      layout_roguey, zombieorc2_lemuel
D:10:     layout_loops_ring, okawaru_trees_2, kennysheep_mini_moat,
          nicolae_alphabet_shops, grunt_ministairs_11, serial_bayou_pond_a,
          hangedman_decor_points, kennysheep_another_room,
          minmay_misc_feat_enclosed, uniq_maggie
Lair:1:   layout_layer_cave, beast_lair_carwin_9, grunt_megastairs_2
Lair:2:   layout_roguey, dummy_spider_entry, chequers_serial_rivers_micro_d,
          lemuel_fruit_tree, uniq_gastronok
Lair:3:   layout_misc_corridors, elwin_shoals_entry_rooms,
          gauntlet_entry_generic, ebering_ghost_inner_flame, st_stairs_13
Gauntlet: minmay_gauntlet_77_tree [minmay_gauntlet_arena_77_block_sizes,
          minmay_gauntlet_arena_77_chump_sandwich,
          minmay_gauntlet_arena_77_museum, minmay_gauntlet_arena_77_p_blocks,
          minmay_gauntlet_arena_77_braids, minmay_gauntlet_arena_77_two_paths,
          minmay_gauntlet_arena_77_broken_ladder, gauntlet_exit_watery]

Skill      XL: |  1  2  3  4  5  6  7  8  9 10 11 12 13 |
---------------+----------------------------------------+-----
Polearms       | 1 2 3 4 5 6 7 8 9 10 | 10.1
Spellcasting   | 3 4 5 6 8 9 |  9.4
Fighting       | 1 2 3 4 5 6 7 8 |  8.1
Summonings     | 5 6 7 8 9 10 11 | 11.8
Invocations    | 1 2 3 4 5 7 8 9 |  9.6
Hexes          | 1 2 |  2.0
Air Magic      | 1 2 3 |  3.0
Shields        | 1 3 4 5 6 |  6.0
Evocations     | 3 |  3.5
Dodging        | |  2.6
Stealth        | |  2.1

Action                   |  1- 3 |  4- 6 |  7- 9 | 10-12 | 13-15 || total
-------------------------+-------+-------+-------+-------+-------++-------
Melee: Unarmed           |    54 |       |       |       |       ||    54
       Dagger            |    52 |       |       |       |       ||    52
       Halberd           |    69 |   106 |       |       |       ||   175
       Spear             |       |    36 |   429 |   667 |    16 ||  1148
       Punch             |       |     2 |     6 |     2 |       ||    10
       Tailslap          |       |       |       |     4 |       ||     4
       Scimitar          |       |       |       |     3 |       ||     3
 Cast: Summon Small Mamm |    23 |     7 |       |     1 |       ||    31
       Call Imp          |     3 |     7 |    14 |     6 |       ||    30
       Call Canine Famil |       |    11 |    41 |    65 |    12 ||   129
       Summon Lightning  |       |       |     6 |    38 |     8 ||    52
       Summon Guardian G |       |       |     6 |    21 |     8 ||    35
       Fire Storm        |       |       |       |     1 |       ||     1
       Summon Hydra      |       |       |       |     1 |       ||     1
Invok: Divine Exegesis   |       |       |       |     2 |       ||     2
Evoke: Wand              |       |       |     1 |     1 |     6 ||     8
       Box of beasts     |       |       |       |       |     1 ||     1
  Use: Scroll            |       |       |     1 |    14 |       ||    15
       Potion            |       |       |       |     2 |     5 ||     7
 Stab: Sleeping          |     5 |     3 |       |     2 |       ||    10
       Distracted        |       |     3 |     8 |    10 |     1 ||    22
       Paralysed         |       |       |     5 |       |       ||     5
Armor: Robe              |    52 |    17 |    39 |       |       ||   108
       Steam dragon scal |       |       |    44 |   108 |     6 ||   158
Dodge: Dodged            |   132 |   114 |   287 |   276 |    19 ||   828
Block: Kite shield       |       |       |       |    66 |    13 ||    79

Table legend: (Time is in decaauts)
 A = Elapsed time spent in this place.
 B = Non-inter-level travel time spent in this place.
 C = Inter-level travel time spent in this place.
 D = Time resting spent in this place.
 E = Time spent auto-exploring this place.
 F = Levels seen in this place.
 G = Mean time per level.
                   A        B        C        D        E       F      G
               +--------+--------+--------+--------+--------+-----+--------+
         Total |  14083 |  13665 |    418 |   2995 |   6560 |  15 |  938.9 |
       Dungeon |   9971 |   9695 |    276 |   1826 |   4993 |  10 |  997.1 |
          Lair |   3250 |   3109 |    141 |    870 |   1515 |   3 | 1083.3 |
       Ossuary |    186 |    186 |      0 |      0 |     39 |   1 |  186.0 |
      Gauntlet |    675 |    675 |      0 |    299 |     12 |   1 |  675.0 |
               +--------+--------+--------+--------+--------+-----+--------+

Top non-repeatable levels by time:
  Lair:1: 1790 daAuts
     D:7: 1624 daAuts
     D:8: 1439 daAuts
     D:6: 1253 daAuts
  Lair:2: 1102 daAuts
     D:2: 1087 daAuts
     D:5: 1035 daAuts
     D:1: 934 daAuts
     D:9: 919 daAuts
    D:10: 865 daAuts
Gauntlet: 675 daAuts
     D:3: 602 daAuts
  Lair:3: 358 daAuts
     D:4: 209 daAuts
 Ossuary: 186 daAuts
